 Dungeon Crawl Stone Soup version 0.30.1 (webtiles) character file.

Game seed: 5001018200653398019

59833 Graphine the Black Sun (level 14, -11/110 HPs)
             Began as a Demonspawn Necromancer on July 12, 2023.
             Was a High Priest of Kikubaaqudgha.
             Mangled by a deep troll (21 damage)
             ... while paralysed by an ogre mage
             ... on level 2 of the Orcish Mines.
             The game lasted 01:01:29 (18185 turns).

Graphine the Black Sun (Demonspawn Necromancer)    Turns: 18185, Time: 01:01:30

Health: -11/110    AC: 10    Str: 10    XL:     14   Next: 54%
Magic:  26/27      EV:  2    Int: 21    God:    Kikubaaqudgha [*****.]
Gold:   1229       SH:  0    Dex: 13    Spells: 4/31 levels left

rFire   . . .        H - +9 quarterstaff (chaos)
rCold   . . .        (shield currently unavailable)
rNeg    . . .        K - +3 troll leather armour
rPois   .            O - +1 hat
rElec   .            (cloak unavailable)
rCorr   +            q - +1 pair of gloves
SInv    .            (no boots)
Will    +....        u - amulet of Kiaty {Regen+ Stlth+}
Stlth   +++          N - +5 ring of evasion
HPRegen 1.98/turn    a - ring of resist corrosion
MPRegen 0.20/turn

%: no passive effects
@: paralysed, death channelling, invisible
A: claws 1, hooves 2, foul stench 1, weakness stinger 3
a: Renounce Religion, Unearth Wretches, Torment


You were on level 2 of the Orcish Mines.
You worshipped Kikubaaqudgha.
Kikubaaqudgha was extremely pleased with you.
You visited 4 branches of the dungeon, and saw 18 of its levels.
You also visited: Volcano.

You collected 1229 gold pieces.

Inventory:

Hand Weapons
 H - a +9 quarterstaff of chaos (weapon)
Armour
 q - a +1 pair of gloves (worn)
 G - a +0 cloak
 K - a +3 troll leather armour (worn)
 O - a +1 hat (worn)
 V - a +0 buckler
Magical Staves
 r - a staff of earth
Jewellery
 a - a ring of resist corrosion (right hand)
 e - a +4 ring of slaying
 u - the amulet of Kiaty (around neck) {Regen+ Stlth+}
   (You acquired it on level 4 of the Dungeon)

   [amulet of regeneration]

   Regen:     It increases your rate of health regeneration.
   Stlth:     It makes you more stealthy.
 y - an amulet of reflection
 N - a +5 ring of evasion (left hand)
 U - an amulet of regeneration
 X - a +6 ring of intelligence
 Y - the necklace of Bloodlust {Fury *Rage Will++ Int-3 Slay+6}
   (You found it on level 4 of the Lair of Beasts)

   [amulet of nothing]

   Fury:      It extends the wearer's berserk rage when killing foes.
   Int:       It affects your intelligence (-3).
   Slay:      It affects your accuracy & damage with ranged weapons and melee
   (+6).
   *Rage:     It berserks you when you make melee attacks (+50% chance).
   Will:      It greatly increases your willpower.
Wands
 f - a wand of mindburst (6)
 w - a wand of light (7)
 I - a wand of digging (3)
 L - a wand of polymorph (7)
 M - a wand of flame (14)
 Q - a wand of iceblast (2)
Scrolls
 g - 5 scrolls of fog
 n - 2 scrolls of magic mapping
 x - 2 scrolls of silence
 A - 5 scrolls of teleportation
 B - a scroll of amnesia
 E - 5 scrolls of immolation
 J - 5 scrolls of vulnerability
 R - 2 scrolls of poison
 S - 4 scrolls of fear
 W - a scroll of blinking
Potions
 b - 3 potions of magic
 c - a potion of attraction
 d - 2 potions of might
 i - 4 potions of curing
 k - 2 potions of cancellation
 p - 2 potions of berserk rage
 s - 3 potions of haste
 v - 5 potions of mutation
 C - 2 potions of brilliance
 F - 2 potions of resistance
 T - 2 potions of lignification
Miscellaneous
 j - a box of beasts (inert)
 P - a tin of tremorstones (inert)


   Skills:
 + Level 10.0 Fighting
 + Level 9.1 Staves
 + Level 9.4 Dodging
 - Level 1.7 Stealth
 + Level 9.4 Spellcasting
 * Level 15.8 Necromancy
 + Level 10.0 Evocations


You had 4 spell levels left.
You knew the following spells:

 Your Spells              Type           Power      Damage    Failure   Level
a - Necrotise             Necr           100%       1d9       0%          1
b - Vampiric Draining     Necr           66%        2d10      1%          3
c - Animate Dead          Necr           66%        N/A       1%          4
d - Agony                 Necr           66%        N/A       1%          5
e - Sublimation of Blood  Necr           66%        N/A       1%          2
f - Cigotuvi's Dreadful   Necr/Pois/Air  64%        N/A       1%          2
g - Dispel Undead         Necr           66%        3d23      1%          4
h - Death Channel         Necr           33%        N/A       2%          6

Your spell library contained the following spells:

 Spells                   Type           Power      Damage    Failure   Level
 Anguish                  Hex/Necr       21%        N/A       3%          4
 Foxfire                  Conj/Fire      36%        2x1d5     10%         1
 Sandblast                Erth           18%        2d7       10%         1
 Shock                    Conj/Air       36%        1d5       10%         1
 Passwall                 Tmut/Erth      7%         N/A       14%         2
 Portal Projectile        Hex/Tloc       18%        N/A       28%         3
 Stone Arrow              Conj/Erth      18%        3d8       28%         3
 Tukima's Dance           Hex            9%         N/A       28%         3
 Vhi's Electric Charge    Tloc/Air       18%        N/A       28%         3
 Manifold Assault         Tloc           9%         N/A       67%         4
 Petrify                  Tmut/Erth      9%         N/A       67%         4
 Borgnjor's Vile Clutch   Necr/Erth      21%        N/A       10%         5
 Arcjolt                  Conj/Air       4%         1d14      95%         5
 Blade Hands              Tmut           4%         N/A       95%         5
 Irradiate                Conj/Tmut      4%         3d13      95%         5
 Summon Forest            Summ/Tloc      4%         N/A       95%         5
 Summon Mana Viper        Hex/Summ       9%         N/A       95%         5
 Dispersal                Tloc           4%         N/A       100%        6
 Plasma Beam              Fire/Air       4%         2x1d16    100%        6
 Summon Cactus Giant      Summ           4%         N/A       100%        6
 Disjunction              Tloc           4%         N/A       100%        8


Dungeon Overview and Level Annotations

Branches:
Dungeon (10/15)            Temple (1/1) D:4            Lair (5/5) D:10
  Swamp (0/4) Lair:2        Snake (0/4) Lair:3        Slime (0/5) Lair:4
    Orc (2/2) D:10        Volcano (visited)
    Elf: Orc:2

Altars:
Ashenzari
Cheibriados
Dithmenos
Fedhas
Gozag
Hepliaklqana
Kikubaaqudgha
Makhleb
Nemelex Xobeh
Okawaru
Qazlal
Ru
Sif Muna
Trog
Uskayaw
Vehumet
Wu Jian
Xom
Yredelemnul
Jiyva

Shops:
Orc:2 [


Innate Abilities, Weirdness & Mutations

You have sharp fingernails.
You have hoof-like feet.
You may rarely emit foul miasma when damaged in melee.
You have a sharp stinger which inflicts weakening toxins.


Message History

The bolt of light hits the ogre!!
The ogre is almost dead.
The ogre is blinded.
The bolt of light hits the ogre!!
The ogre is severely wounded.
The ogre is blinded.
The bolt of light misses the orc priest.
A glowing mist starts to gather...
The orc wizard points at you and mumbles some strange words.
The puff of flame hits your orc wizard zombie.
The orc wizard barely misses your spectral orc sorcerer.
The orc wizard gestures wildly while chanting.
The orc wizard flickers and vanishes!
The orc knight roars a battlecry!
The orcs go into a battle-frenzy!
An ogre comes into view. It is wielding a +0 giant spiked club.
You hear some strange, mumbled words.
You suddenly lose the ability to move!
The ogre barely misses your spectral orc sorcerer.
A troll comes into view.
Your spectral orc sorcerer hits the ogre but does no damage.
A cyclops comes into view.
Your Evocations skill increases to level 10!
The sentinel's mark upon you fades away.
An orc wizard comes into view. It is wielding a +0 dagger.
The orc wizard barely misses your spectral orc sorcerer.
An orc comes into view. It is wielding a +0 mace.
The orc knight hits you with a +0 long sword!
* * * LOW HITPOINT WARNING * * *
The ogre hits you with a +0 giant spiked club.
* * * LOW HITPOINT WARNING * * *
The orc priest hits your orc wizard zombie with a +0 hand axe!
Something hits you!
* * * LOW HITPOINT WARNING * * *
You emit a cloud of foul miasma!
Your spectral orc sorcerer closely misses the ogre.
Your orc wizard zombie hits the orc priest but does no damage.
Rupert hits the two-headed ogre!
The deep troll bites you!!
You die...
Kikubaaqudgha rasps: "You have failed me!
Welcome... death!"

.##.......................
..#................C#.o...
.................))...T.##
)..$............).†.{O....
.....#..........O)†.O.....
...............ZOOOoO....#
.....##.........OO.o......
.......#.......oTOZ#o.....
...............{@T.Zoo....
................o...
....................
..∩................
.........##....#.
.........# ....#
.......... .....
......#... ..


You could see an orc knight (unable to see you), 5 two-headed ogres, a deep
troll, a cyclops (unable to see you), 2 trolls, 5 ogres, 2 orc priests, 4 orc
wizards, an orc (wandering, unable to see you), a friendly spectral orc
sorcerer, the friendly Rupert the spectral human and a friendly orc wizard
zombie.

Vanquished Creatures
  Rupert (Orc:2)
  An ettin (Orc:1)
  2 hydras
  2 two-headed ogres (D:10)
  3 death yaks
  A tengu warrior (D:10)
  A shock serpent (shapeshifter) (Orc:2)
  A salamander mystic (Volcano)
  A skyshark (Lair:1)
  Pikel (D:6)
  A deep elf pyromancer (Volcano)
  A salamander (Volcano)
  5 cyclopes (Volcano)
  3 oklob plants (D:9)
  8 elephants
  Joseph (D:8)
  3 molten gargoyles (Volcano)
  3 black mambas (Lair:5)
  7 cane toads
  An orange demon (D:9)
  A rime drake (Lair:4)
  Psyche (D:9)
  6 komodo dragons
  A tyrant leech (Lair:1)
  3 trolls
  3 polar bears
  A hornet (D:9)
  7 blink frogs
  Prince Ribbit (D:8)
  2 wraiths
  A shadow (D:9)
  10 yaks
  3 basilisks
  3 wyverns
  3 steam dragons
  3 wargs
  A naga (Lair:3)
  2 vampire mosquitoes (D:9)
  Edmund (D:5)
  7 water moccasins
  6 orc warriors
  7 black bears
  6 sky beasts
  3 ice beasts
  10 wolves
  4 ogres
  3 centaurs
  2 kobold brigands (D:8)
  A phantom (D:7)
  17 bullfrogs
  2 wights (D:8)
  11 killer bees
  7 howler monkeys
  2 electric eels (D:8)
  A crimson imp (D:7)
  A bullfrog zombie (D:8)
  3 hounds
  10 orc priests
  Crazy Yiuf (D:5)
  4 sleepcaps
  Jessica (D:3)
  2 iguanas (D:6)
  Natasha (thrice) (D:2)
  12 orc wizards
  2 hell rats (Lair:5)
  A howler monkey zombie (D:6)
  3 gnolls (D:6)
  8 adders
  2 white imps (D:6)
  An ufetubus (D:6)
  A worm (D:3)
  3 dart slugs
  42 orcs
  6 ball pythons
  3 bats
  6 endoplasms
  2 giant cockroaches
  12 goblins
  12 hobgoblins
  5 quokkas
  4 frilled lizards
  6 kobolds
  6 rats
351 creatures vanquished.

Vanquished Creatures (collateral kills)
  Gastronok (Lair:1)
  A red draconian (Volcano)
  A hydra (Lair:3)
  A catoblepas (Lair:5)
  A boulder beetle (Lair:5)
  8 death yaks
  A deep troll shaman (Lair:5)
  A skyshark (Lair:2)
  Amaemon (D:9)
  An orc knight (Orc:2)
  A lindwurm (Lair:5)
  2 oklob plants
  An orc sorcerer (Orc:2)
  6 elephants (Lair:5)
  2 black mambas
  A molten gargoyle (Volcano)
  Maggie (D:6)
  3 komodo dragons
  3 trolls
  2 tyrant leeches (Lair:2)
  2 blink frogs (Lair:1)
  Sigmund (D:6)
  15 yaks
  A steam dragon (D:8)
  A basilisk (Lair:4)
  2 nagas (Lair:3)
  A floating eye (D:9)
  2 orc warriors (Orc:2)
  5 water moccasins
  2 black bears
  11 wolves
  3 ogres
  3 bullfrogs
  2 wights (D:8)
  3 killer bees
  An electric eel (D:8)
  2 orc priests
  A gnoll bouda (D:6)
  An iguana (D:6)
  6 orc wizards
  3 hell rats (Lair:5)
  A killer bee zombie (D:9)
  A centaur simulacrum (D:8)
  Robin (D:2)
  2 gnolls (D:6)
  A white imp (D:6)
  An ufetubus (D:6)
  A dart slug (D:2)
  23 orcs
  A goblin (D:4)
  A frilled lizard (D:1)
  3 kobolds
143 creatures vanquished.

Vanquished Creatures (others)
  A shock serpent zombie (Orc:2)
  A black mamba zombie (Lair:5)
  A yak (D:6)
  A tyrant leech zombie (Lair:1)
  A two-headed ogre zombie (D:10)
  2 orc warriors (Orc:2)
  3 elephant zombies (Lair:3)
  2 blink frog zombies (Lair:4)
  A salamander zombie (Volcano)
  A bullfrog (D:8)
  A komodo dragon zombie (Lair:2)
  2 cyclops zombies (Volcano)
  A polar bear zombie (Lair:5)
  10 yak zombies
  5 wolf zombies (Lair:1)
  An orc wizard (D:8)
  3 killer bee zombies (D:9)
  2 sky beast zombies
  An ice beast zombie (D:6)
  An ogre zombie (D:6)
  A howler monkey zombie (D:9)
  A steam dragon zombie (D:8)
  2 human zombies
  An adder zombie (D:3)
  An orc (D:8)
  4 gnoll zombies (D:6)
  30 orc zombies
81 creatures vanquished.

Grand Total: 575 creatures vanquished

Notes
Turn   | Place    | Note
-------+----------+-------------------------------------------
     0 | D:1      | Graphine the Demonspawn Necromancer began the quest for the
                  | Orb.
     0 | D:1      | Reached XP level 1. HP: 13/13 MP: 3/3
   301 | D:1      | Gained mutation: You may rarely emit foul miasma when
                  | damaged in melee. [demonic ancestry]
   301 | D:1      | Reached XP level 2. HP: 13/20 MP: 1/5
   838 | D:2      | Discovered your monstrous ancestry.
   838 | D:2      | Gained mutation: You have a small tail. [demonic ancestry]
   838 | D:2      | Reached XP level 3. HP: 25/25 MP: 2/6
   953 | D:2      | Reached skill level 1 in Fighting
   962 | D:2      | Reached skill level 5 in Necromancy
  1003 | D:2      | Reached skill level 1 in Evocations
  1119 | D:2      | Noticed Natasha
  1126 | D:2      | Killed Natasha
  1127 | D:2      | Reached skill level 1 in Staves
  1127 | D:2      | Gained mutation: You have large cloven feet. [demonic
                  | ancestry]
  1127 | D:2      | Reached XP level 4. HP: 25/32 MP: 1/7
  1272 | D:2      | Noticed Natasha
  1277 | D:2      | Killed Natasha
  1383 | D:2      | Noticed Natasha
  1388 | D:2      | Killed Natasha
  1389 | D:2      | Reached XP level 5. HP: 37/37 MP: 3/8
  1468 | D:2      | Learned a level 3 spell: Vampiric Draining
  1468 | D:2      | Noticed Robin
  1473 | D:2      | Learned a level 4 spell: Animate Dead
  1489 | D:2      | Killed Robin
  1916 | D:2      | Found a faded altar of an unknown god.
  2253 | D:3      | Found a blossoming altar of Fedhas.
  2294 | D:3      | Noticed Jessica
  2314 | D:3      | Killed Jessica
  2615 | D:3      | Reached XP level 6. HP: 44/44 MP: 0/10
  2750 | D:3      | Found a basalt altar of Yredelemnul.
  3018 | D:3      | Found a bloodstained altar of Trog.
  3189 | D:4      | Found a staircase to the Ecumenical Temple.
  3255 | D:4      | Reached skill level 6 in Necromancy
  3344 | D:4      | Identified the +0 ring mail "Qocourphe" {rN+}
  3531 | D:4      | Gained mutation: You have sharp fingernails. [demonic
                  | ancestry]
  3531 | D:4      | Reached XP level 7. HP: 45/51 MP: 3/11
  4230 | D:4      | Identified a scroll of acquirement
  4230 | D:4      | Acquired the amulet of Kiaty {Regen+ Stlth+}
  4238 | D:5      | Entered Level 5 of the Dungeon
  4393 | D:5      | Reached skill level 7 in Necromancy
  4396 | D:5      | Reached XP level 8. HP: 33/58 MP: 0/13
  4411 | D:5      | You fall into a shaft and drop 3 floors!
  4876 | D:5      | Reached skill level 8 in Necromancy
  5036 | D:5      | Found a shadowy altar of Dithmenos.
  5369 | D:5      | Reached XP level 9. HP: 40/65 MP: 5/15
  5375 | D:5      | Learned a level 5 spell: Agony
  5599 | D:5      | Noticed Edmund
  5617 | D:5      | Killed Edmund
  5738 | D:5      | Found a runed translucent door.
  5739 | D:5      | Noticed Crazy Yiuf
  5752 | D:5      | Your ally Edmund died
  5756 | D:5      | Killed Crazy Yiuf
  6040 | D:6      | Noticed Maggie
  6058 | D:6      | Reached skill level 9 in Necromancy
  6069 | D:6      | Killed Maggie
  6070 | D:6      | Reached skill level 5 in Spellcasting
  6117 | D:6      | Reached skill level 5 in Dodging
  6170 | D:6      | Reached skill level 5 in Fighting
  6170 | D:6      | Reached skill level 5 in Evocations
  6190 | D:6      | Found a hazy altar of Hepliaklqana.
  6245 | D:6      | Noticed Pikel
  6256 | D:6      | Killed Pikel
  6278 | D:6      | Noticed a troll
  6290 | D:6      | Killed a troll
  6291 | D:6      | Reached XP level 10. HP: 39/74 MP: 7/18
  6521 | D:6      | Noticed Sigmund
  6529 | D:6      | Killed Sigmund
  7141 | D:7      | Reached skill level 10 in Necromancy
  7146 | D:7      | Reached skill level 5 in Staves
  7782 | D:7      | Found a burning altar of Makhleb.
  7783 | D:7      | Found a radiant altar of Vehumet.
  7925 | Temple   | Entered the Ecumenical Temple
  8462 | D:8      | Found a hide-covered altar of Uskayaw.
  8470 | D:8      | Noticed Prince Ribbit
  8487 | D:8      | Killed Prince Ribbit
  8503 | D:8      | Found a sparkling altar of Nemelex Xobeh.
  8614 | D:8      | Found a snail-covered altar of Cheibriados.
  8756 | D:8      | Noticed Joseph
  8766 | D:8      | Killed Joseph
  9218 | D:9      | Reached skill level 11 in Necromancy
  9221 | D:9      | Gained mutation: You have a tail ending in a sharp stinger.
                  | [demonic ancestry]
  9221 | D:9      | Reached XP level 11. HP: 81/81 MP: 17/20
  9224 | D:9      | Noticed an oklob plant
  9230 | D:9      | Noticed an oklob plant
  9232 | D:9      | Noticed an oklob plant
  9234 | D:9      | Noticed an oklob plant
  9234 | D:9      | Noticed Amaemon
  9238 | D:9      | Paralysed by a floating eye for 2 turns
  9243 | D:9      | Paralysed by a floating eye for 3 turns
  9255 | D:9      | Killed Amaemon
  9282 | D:9      | Noticed Psyche
  9295 | D:9      | Killed Psyche
  9295 | D:9      | Your ally Psyche died
  9472 | D:9      | Found an ancient bone altar of Kikubaaqudgha.
  9492 | D:9      | Became a worshipper of Kikubaaqudgha
  9776 | D:9      | Killed an oklob plant
  9779 | D:9      | Killed an oklob plant
  9781 | D:9      | Killed an oklob plant
  9785 | D:9      | Killed an oklob plant
 10286 | D:10     | Entered Level 10 of the Dungeon
 10292 | D:10     | Paralysed by a hornet for 1 turns
 10429 | D:10     | Found a shimmering blue altar of Sif Muna.
 10469 | D:10     | Got Sif Muna's Collected Works on Anemomancy
 10471 | D:10     | Got Sif Muna's Spellbook of Embers
 10609 | D:10     | Noticed a two-headed ogre
 10616 | D:10     | Reached * piety under Kikubaaqudgha
 10616 | D:10     | Received a gift from Kikubaaqudgha
 10621 | D:10     | Killed a two-headed ogre
 10622 | D:10     | Reached skill level 12 in Necromancy
 10859 | D:10     | Found a staircase to the Orcish Mines.
 10982 | D:10     | Noticed a two-headed ogre
 10984 | D:10     | Noticed a tengu warrior
 10985 | D:10     | Noticed an eight-headed hydra
 10994 | D:10     | Killed an eight-headed hydra
 11000 | D:10     | Killed a tengu warrior
 11007 | D:10     | Killed a two-headed ogre
 11302 | D:10     | Found a staircase to the Lair.
 11313 | D:10     | Found an iron altar of Okawaru.
 11483 | Lair:1   | Entered Level 1 of the Lair of Beasts
 11494 | Lair:1   | Reached XP level 12. HP: 47/91 MP: 8/22
 11561 | Lair:1   | You fall into a shaft and drop 1 floor!
 11676 | Lair:1   | Reached ** piety under Kikubaaqudgha
 11680 | Lair:1   | Learned a level 2 spell: Sublimation of Blood
 11683 | Lair:1   | Learned a level 2 spell: Cigotuvi's Dreadful Rot
 11785 | Lair:1   | Noticed Gastronok
 11793 | Lair:1   | Killed Gastronok
 12034 | Lair:1   | Reached skill level 13 in Necromancy
 12925 | Lair:2   | Reached *** piety under Kikubaaqudgha
 12925 | Lair:2   | Received a gift from Kikubaaqudgha
 13043 | Lair:2   | Noticed an eight-headed hydra
 13065 | Lair:2   | HP: 1/94 [eight-headed hydra (13)]
 13065 | Lair:2   | Killed an eight-headed hydra
 13306 | Lair:2   | Found a staircase to the Swamp.
 13415 | Lair:2   | Learned a level 4 spell: Dispel Undead
 13422 | Lair:2   | Learned a level 6 spell: Death Channel
 13778 | Lair:3   | Gained mutation: You have hoof-like feet. [demonic
                  | ancestry]
 13778 | Lair:3   | Reached XP level 13. HP: 99/99 MP: 19/25
 14171 | Lair:3   | Reached skill level 14 in Necromancy
 14581 | Lair:3   | Found a staircase to the Snake Pit.
 14888 | Lair:4   | Reached **** piety under Kikubaaqudgha
 14995 | Lair:4   | Found a broken altar of Ashenzari.
 15060 | Lair:4   | Found a viscous altar of Jiyva.
 15060 | Lair:4   | Found a staircase to the Slime Pits.
 15316 | Lair:4   | Found the necklace of Bloodlust {Fury *Rage Will++ Int-3
                  | Slay+6}
 15449 | Lair:4   | Found a dark tunnel.
 15454 | Volcano  | Entered a volcano
 15519 | Volcano  | Noticed a red draconian
 15533 | Volcano  | Killed a red draconian
 15546 | Volcano  | Noticed an orb of fire
 15546 | Volcano  | Noticed an orb of fire
 16293 | Lair:5   | Entered Level 5 of the Lair of Beasts
 16370 | Lair:5   | Reached skill level 15 in Necromancy
 16439 | Lair:5   | Gained mutation: You have a sharp stinger which inflicts
                  | weakening toxins. [demonic ancestry]
 16439 | Lair:5   | Reached XP level 14. HP: 108/108 MP: 24/26
 16565 | Lair:5   | Reached ***** piety under Kikubaaqudgha
 17682 | Orc:1    | Entered Level 1 of the Orcish Mines
 18040 | Orc:2    | Entered Level 2 of the Orcish Mines
 18140 | Orc:2    | Found Ocidy's Antique Armour Shop.
 18162 | Orc:2    | Noticed Rupert
 18172 | Orc:2    | Reached skill level 10 in Fighting
 18183 | Orc:2    | Killed Rupert
 18183 | Orc:2    | Paralysed by something for 3 turns
 18184 | Orc:2    | Reached skill level 10 in Evocations
 18185 | Orc:2    | Mangled by a deep troll

Illustrated notes

Levels and vault maps discovered:
D:1:      nzn_arrival_depleted_hourglass, layout_rooms
D:2:      layout_basic, serial_forest, infiniplex_forest_end_2,
          infiniplex_forest_end_1, infiniplex_forest_straight_4,
          infiniplex_forest_lined_room_2, infiniplex_forest_diagonal,
          infiniplex_forest_clump_tiny, infiniplex_forest_straight_5,
          nicolae_ecumenical_lake_church, uniq_robin, uniq_natasha
D:3:      layout_loops_ring, bloody_trog, mainiacjoe_overflow_big_doors,
          kennysheep_crisscross, minmay_door_square, uniq_jessica
D:4:      layout_loops_ring, minmay_temple_entry_proselytizer
D:5:      layout_rooms, kennysheep_little_box, uniq_crazy_yiuf_cottage,
          uniq_edmund
D:6:      layout_gridville, worldfamousw_hep_ancestral_shrine,
          minmay_fountain_box, grunt_ministairs_6, minmay_microvault,
          uniq_sigmund, uniq_pikel, uniq_maggie
D:7:      layout_basic, grunt_temple_overflow_lords_of_destruction, st_stairs_12
D:8:      nzn_winding_woodlands_cross [nzn_winding_woodlands_5x15_jagged,
          nzn_winding_woodlands_5x15_split_checker,
          nzn_winding_woodlands_5x15_eye, nzn_winding_woodlands_5x15_garden,
          nzn_winding_woodlands_15x15_eel_pit], layout_basic,
          mainiacjoe_overflow_concentric_impassable, kennysheep_mini,
          mainiacjoe_overflow_cross_hatched, enter_bailey_5,
          uniq_prince_ribbit1, uniq_joseph
D:9:      layout_loops_ring, nicolae_kikubaaqudgha_miasma_corner,
          kennysheep_minor_cross, chequers_serial_rivers_micro_e,
          disabler_island, uniq_psyche, uniq_amaemon
D:10:     kennysheep_big_flooded_room, layout_long_grid,
          nicolae_sif_muna_little_library, okawaru_metal_pillars_1_2,
          lair_entry_dummy, hiddenorc2_lemuel
Temple:   chequers_temple_sunken
Lair:1:   layout_regular_city, uniq_gastronok
Lair:2:   layout_chaotic_city, minmay_swamp_entry_worms, beast_lair_carwin_10
Lair:3:   layout_small_grid, nicolae_snake_entry_squirm, grunt_megastairs_2
Lair:4:   layout_misc_corridors, slime_entry_1, nicolae_volcano_entry_s_turn,
          basic_altar, grunt_megastairs_5, lemuel_fruit_fields
Lair:5:   grunt_lair_end_beastmaster, layout_cellular_growth
Orc:1:    layout_caves, serial_shops, shop
Orc:2:    st_orc_open, layout_caves, basic_altar, serial_shops, shop,
          uniq_rupert

Skill      XL: |  1  2  3  4  5  6  7  8  9 10 11 12 13 14 |
---------------+-------------------------------------------+-----
Dodging        | 2 3 4 5 6 7 8 9 |  9.4
Fighting       | 1 2 3 4 5 6 7 8 9 10 | 10.0
Necromancy     | 5 6 7 8 9 11 12 13 15 | 15.8
Evocations     | 1 2 3 4 5 6 7 8 9 10 | 10.0
Staves         | 1 2 3 4 5 6 7 8 9 |  9.1
Spellcasting   | 3 4 5 6 7 8 9 |  9.4
Stealth        | |  1.7

Action                     |  1- 3 |  4- 6 |  7- 9 | 10-12 | 13-15 || total
---------------------------+-------+-------+-------+-------+-------++-------
  Melee: Unarmed           |     2 |       |       |       |       ||     2
         Dagger            |    11 |    22 |       |       |       ||    33
         Tailslap          |     1 |     8 |    16 |    71 |    47 ||   143
         Punch             |     1 |       |     3 |       |       ||     4
         Kick              |       |    14 |    37 |   156 |   116 ||   323
         Staff             |       |    10 |    75 |       |       ||    85
         Quarterstaff      |       |       |     3 |   456 |   282 ||   741
   Fire: Sling             |     4 |       |       |       |       ||     4
   Cast: Necrotise         |    53 |    89 |   136 |   113 |     4 ||   395
         Animate Dead      |       |     2 |     5 |    12 |     9 ||    28
         Agony             |       |       |     3 |    25 |    28 ||    56
         Vampiric Draining |       |       |     2 |     4 |       ||     6
         Death Channel     |       |       |       |     2 |    10 ||    12
  Evoke: Wand              |       |       |    10 |    22 |    13 ||    45
         Box of beasts     |       |       |       |     4 |     1 ||     5
         Tin of tremorston |       |       |       |       |     2 ||     2
    Use: Scroll            |     3 |     8 |     1 |    23 |     6 ||    41
         Potion            |       |     1 |     1 |     6 |     7 ||    15
   Stab: Sleeping          |     1 |       |       |     4 |     3 ||     8
         Paralysed         |       |       |       |     3 |       ||     3
         Distracted        |       |       |       |     8 |     7 ||    15
         Invisible         |       |       |       |     6 |     4 ||    10
         Confused          |       |       |       |     2 |       ||     2
         Petrified         |       |       |       |       |     3 ||     3
 Armour: Robe              |       |    10 |    29 |       |       ||    39
         Troll leather arm |       |       |       |   155 |    91 ||   246
  Dodge: Dodged            |    12 |    46 |   109 |   472 |   348 ||   987
